 Dungeon Crawl Stone Soup version 0.21.1-1-g345015f (webtiles) character file.

118 Hatyri the Skirmisher (level 4, -9/40 HPs)
             Began as a Draconian Fighter on Apr 21, 2018.
             Mangled by a gnoll
             ... wielding a +0 halberd
              (17 damage)
             ... on level 3 of the Dungeon.
             The game lasted 00:22:15 (2402 turns).

Hatyri the Skirmisher (Draconian Fighter)           Turns: 2402, Time: 00:22:15

Health: -9/40      AC:  9    Str: 19    XL:     4   Next: 72%
Magic:  4/4        EV: 10    Int:  9    God:
Gold:   36         SH:  9    Dex: 10    Spells: 3/3 levels left

rFire    . . .     SeeInvis .   a - +0 long sword
rCold    . . .     Gourm    .   b - +0 shield
rNeg     . . .     Faith    .   (armour unavailable)
rPois    .         Spirit   .   (helmet restricted)
rElec    .         Reflect  .   (no cloak)
rCorr    .         Harm     .   v - +2 pair of gloves
MR       .....                  i - +0 pair of boots
Stlth    +.........             (no amulet)
HPRegen  0.13/turn              s - ring of flight
MPRegen  0.09/turn              (no ring)

@: no status effects
A: unfitting armour, cold-blooded, AC +5
a: Evoke Flight


You were on level 3 of the Dungeon.
You were not hungry.

You visited 1 branch of the dungeon, and saw 3 of its levels.

You collected 36 gold pieces.

Inventory:

Hand Weapons
 a - a +0 long sword (weapon)
 h - a +2 dagger of venom
Armour
 b - a +0 shield (worn)
 i - a +0 pair of boots (worn)
 k - a +0 ring mail
 v - a +2 pair of gloves (worn)
Jewellery
 c - a +1 ring of protection {unknown}
 s - a ring of flight (left hand)
Scrolls
 d - a scroll of magic mapping {unknown}
 n - 2 scrolls of teleportation {unknown}
Potions
 e - 2 potions of brilliance {unknown}
 f - a potion of mutation {unknown}
 j - a potion of agility {unknown}
 m - 3 potions of curing {unknown}
 o - a potion of flight {unknown}
 q - 2 potions of lignification {unknown}
 r - a potion of degeneration {unknown}
 u - a potion of resistance {unknown}
Books
 l - a book of Necromancy

   Spells                             Type                      Level
   a - Pain                           Necromancy                   1
   b - Animate Skeleton               Necromancy                   1
   c - Vampiric Draining              Necromancy                   3
   d - Regeneration                   Charms/Necromancy            3
   e - Animate Dead                   Necromancy                   4
   f - Borgnjor's Vile Clutch         Necromancy/Earth             5


   Skills:
 + Level 3.9 Fighting
 + Level 3.4 Long Blades
 + Level 3.2 Dodging
 + Level 0.1 Stealth
 + Level 3.8 Shields


You had 3 spell levels left.
You didn't know any spells.

Dungeon Overview and Level Annotations

Branches:
Dungeon (3/15)

Altars:
Ashenzari
Trog


Innate Abilities, Weirdness & Mutations

Your plain brown scales are hard. (AC +5)
You cannot fit into any form of body armour.
You are cold-blooded and may be slowed by cold attacks.


Message History

You block the gnoll's attack. The gnoll barely misses you.
The gnoll hits you with an enchanted whip.
You slash the gnoll!
You kill the gnoll!
The gnoll hits you from afar with a halberd!
A gnoll comes into view. It is wielding a halberd.
The gnoll throws a throwing net.
The throwing net hits you.
You become entangled in the net!
The gnoll hits you from afar with a halberd.
Things that are here:
a throwing net; an enchanted whip; a whip You struggle against the net.
The gnoll barely misses you.
You struggle against the net.
The gnoll barely misses you.
The gnoll hits you from afar with a halberd!
You tear a large gash into the net.
The gnoll hits you from afar with a halberd!
* * * LOW HITPOINT WARNING * * *
You rip the net and break free!
The gnoll hits you from afar with a halberd!
You die...

. ### ### .## .. ..#
..... #K# ♣.♣.### #.#
♣..♣..#####.# ########
♣♣♣
♣.##..$..#.####....)..
.$.
♣.##g....(.....#####(
♣♣.♣♣.##†##.#.######
#. ♣...♣.##@##.#.# #.
♣......g..#. #.
♣.♣.##.##.#.## ### #.
♣♣♣.......... . #. #.
♣.##....#####. #.####
♣♣#####.# #.. ......
.# #.# #....# # #.#
####.# #.# ##.######.#


You could see 2 gnolls.

Vanquished Creatures
  Robin (D:2)
  A gnoll (D:3)
  An adder (D:3)
  2 worms
  2 dart slugs (D:1)
  A leopard gecko (D:1)
  5 orcs (D:2)
  9 bats
  3 giant cockroaches
  19 goblins
  5 hobgoblins (D:2)
  4 jackals (D:1)
  7 kobolds
  2 quokkas
  2 frilled lizards
  A rat (D:3)
65 creatures vanquished.

Vanquished Creatures (others)
  A wizard (D:3)
1 creature vanquished.

Grand Total: 66 creatures vanquished

Notes
Turn   | Place    | Note
-------+----------+-------------------------------------------
     0 | D:1      | Hatyri the Draconian Fighter began the quest for the Orb.
     0 | D:1      | Reached XP level 1. HP: 19/19 MP: 1/1
   138 | D:1      | Reached XP level 2. HP: 22/26 MP: 2/2
   550 | D:1      | Reached XP level 3. HP: 33/33 MP: 3/3
  1249 | D:2      | Found a shattered altar of Ashenzari.
  2028 | D:2      | Noticed Robin
  2037 | D:2      | Reached XP level 4. HP: 33/40 MP: 4/4
  2054 | D:2      | Killed Robin
  2184 | D:3      | Found a bloodstained altar of Trog.
  2187 | D:3      | Noticed a wizard
  2191 | D:3      | Killed a wizard
  2402 | D:3      | Mangled by a gnoll

Skill      XL: |  1  2  3 |
---------------+----------+-----
Dodging        | 3 |  3.2
Long Blades    | 3 |  3.4
Fighting       | |  3.9
Stealth        | |  0.1
Shields        | |  3.8

Action                   |  1- 3 |  4- 6 || total
-------------------------+-------+-------++-------
Melee: Long sword        |   112 |    43 ||   155
       Tailslap          |    13 |     4 ||    17
  Use: Scroll            |     6 |     1 ||     7
       Potion            |       |     3 ||     3
  Eat: Ration            |     1 |     1 ||     2
Armor: Skin              |    62 |    43 ||   105
Dodge: Dodged            |    87 |    53 ||   140
Block: Shield            |    86 |    26 ||   112
       Rpst.: Long sword |    31 |     9 ||    40
